 Dungeon Crawl Stone Soup version 0.30-a0-760-g5a9884bb7c (webtiles) character file.

Game seed: 8860493324511636088

72 GuildmasterMusic the Trooper (level 4, -3/40 HPs)
             Began as a Minotaur Fighter on Feb 10, 2023.
             Slain by a gnoll
             ... wielding a +0 whip
              (8 damage)
             ... on level 2 of the Dungeon.
             The game lasted 00:01:14 (698 turns).

GuildmasterMusic the Trooper (Minotaur Fighter)      Turns: 698, Time: 00:01:14

Health: -3/40      AC:  7    Str: 22    XL:     4   Next: 6%
Magic:  3/3        EV:  9    Int:  5    God:
Gold:   64         SH:  4    Dex: 10    Spells: 3/3 levels left

rFire   . . .      SeeInvis .    a - +0 war axe
rCold   . . .      Faith    .    c - +0 buckler
rNeg    . . .      Spirit   .    b - +0 scale mail
rPois   .          Reflect  .    (helmet restricted)
rElec   .          Harm     .    (no cloak)
rCorr   .          Rampage  .    (no gloves)
Will    .....                    (no boots) Stlth
                                 (no amulet)
HPRegen 0.26/turn                (no ring)
MPRegen 0.08/turn                (no ring)

@: no status effects
A: horns 2, retaliatory headbutt
a: no special abilities


You were on level 2 of the Dungeon.
You visited 1 branch of the dungeon, and saw 2 of its levels.

You collected 64 gold pieces.

Inventory:

Hand Weapons
 a - a +0 war axe (weapon)
Armour
 b - a +0 scale mail (worn)
 c - a +0 buckler (worn)
Scrolls
 e - 2 scrolls of teleportation {unknown}
 f - 2 scrolls of identify {unknown}
Potions
 d - a potion of might


   Skills:
 + Level 4.2 Fighting
 * Level 3.9 Axes
 + Level 4.1 Armour
 + Level 4.1 Shields


You had 3 spell levels left.
You didn't know any spells.
Your spell library contained the following spells:

 Spells                   Type           Power      Damage    Failure   Level
 Sting                    Tmut/Pois      0%         1d3       87%         1
 Poisonous Vapours        Pois/Air       0%         N/A       95%         2
 Olgreb's Toxic Radiance  Pois           0%         N/A       100%        4


Dungeon Overview and Level Annotations

Branches:
Dungeon (2/15)

Altars:


Innate Abilities, Weirdness & Mutations

You have a pair of horns on your head.
You reflexively headbutt those who attack you in melee.


Message History

You block the quokka's attack.
You closely miss the quokka.
The quokka is almost dead.
The quokka bites you but does no damage.
You closely miss the quokka.
The quokka is severely wounded.
The quokka bites you.
A frilled lizard comes into view.
The quokka misses you.
The frilled lizard hisses angrily.
You slash the quokka!
You kill the quokka!
A rat comes into view.
The gnoll hits you but does no damage. The gnoll hits you with a +0 spear.
You see here a quokka corpse.
You closely miss the gnoll. You barely miss the gnoll.
The gnoll hits you with a +0 whip. The gnoll hits you but does no damage.
The gnoll hits you with a +0 whip. The gnoll hits you with a +0 spear.
You barely miss the gnoll. You headbutt the gnoll.
The gnoll is lightly wounded.
You slash the gnoll! The gnoll hits you with a +0 whip.
The gnoll hits you with a +0 spear.
You closely miss the gnoll. You headbutt the gnoll!
The gnoll is almost dead.
You completely miss the gnoll. The gnoll hits you with a +0 whip.
The gnoll barely misses you. You furiously retaliate!
You headbutt the gnoll!
You kill the gnoll!
You have reached level 4!
You feel agile.
You completely miss the gnoll. Your headbutt misses the gnoll.
The gnoll is severely wounded.
The gnoll hits you with a +0 whip.
* * * LOW HITPOINT WARNING * * *
The frilled lizard bites you but does no damage.
The gnoll hits you with a +0 whip.
* * * LOW HITPOINT WARNING * * *
You completely miss the gnoll.
The gnoll is severely wounded.
You miss the frilled lizard. The gnoll hits you with a +0 whip!
You die...

#.#.# . #...# ..
#.#.# #..##
##.#.##### . ......
...........
#....##.#...##...
#####.g[........##
#$...rl@$...#....#.#
..########.....#.#^
### #.###.#... ..##
# #.# #....# ....
...####.#
#.##.##....
#......###..#.......
#####...............
##..)....†...###
#....##.###..†.##


You could see a gnoll, a frilled lizard and a rat.

Vanquished Creatures
  3 gnolls (D:2)
  An adder (D:2)
  A worm (D:2)
  A bat (D:1)
  4 endoplasms (D:1)
  2 goblins (D:1)
  A hobgoblin (D:1)
  4 jackals (D:1)
  3 quokkas (D:2)
  2 ball pythons
  A frilled lizard (D:1)
  4 kobolds
  3 rats
30 creatures vanquished.

Notes
Turn   | Place    | Note
-------+----------+-------------------------------------------
     0 | D:1      | GuildmasterMusic the Minotaur Fighter began the quest for
                  | the Orb.
     0 | D:1      | Reached XP level 1. HP: 19/19 MP: 0/0
   237 | D:1      | Found a faded altar of an unknown god.
   251 | D:1      | Reached XP level 2. HP: 27/27 MP: 1/1
   538 | D:2      | Reached XP level 3. HP: 25/33 MP: 2/2
   697 | D:2      | Reached XP level 4. HP: 12/40 MP: 3/3
   698 | D:2      | Slain by a gnoll

Illustrated notes

Levels and vault maps discovered:
D:1:      eino_arrival_water_cross, layout_basic,
          hellmonk_ecumenical_altar_crossroads, minmay_misc_feat_rugged
D:2:      layout_rooms

Skill      XL: |  1  2 |
---------------+-------+-----
Axes           | 3 |  3.9
Fighting       | 4 |  4.2
Armour         | 4 |  4.1
Shields        | 4 |  4.1

Action                     |  1- 3 |  4- 6 || total
---------------------------+-------+-------++-------
  Melee: War axe           |    66 |     2 ||    68
         Headbutt          |     6 |       ||     6
 Armour: Scale mail        |    34 |     1 ||    35
  Dodge: Dodged            |    25 |       ||    25
  Block: Buckler           |    13 |       ||    13

Table legend: (Time is in decaauts)
 A = Elapsed time spent in this place.
 B = Non-inter-level travel time spent in this place.
 C = Inter-level travel time spent in this place.
 D = Time resting spent in this place.
 E = Time spent auto-exploring this place.
 F = Levels seen in this place.
 G = Mean time per level.
                   A        B        C        D        E       F      G
               +--------+--------+--------+--------+--------+-----+--------+
         Total |    723 |    715 |      8 |      0 |    548 |   2 |  361.5 |
       Dungeon |    723 |    715 |      8 |      0 |    548 |   2 |  361.5 |
               +--------+--------+--------+--------+--------+-----+--------+

Top non-repeatable levels by time:
     D:1: 527 daAuts
     D:2: 195 daAuts
